 Dungeon Crawl Stone Soup version 0.27-a0-1500-g450c7e4133 (webtiles) character file.

Game seed: 5660025763390199265

25890 Spaninq the Basher (level 12, -2/189 HPs)
             Began as a Troll Berserker on July 7, 2021.
             Was a High Priest of Trog.
             Slain by a komodo dragon (22 damage)
             ... on level 4 of the Lair of Beasts.
             The game lasted 00:59:14 (12970 turns).

Spaninq the Basher (Troll Berserker)               Turns: 12970, Time: 00:59:14

Health: -2/189     AC: 15    Str: 37    XL:     12   Next: 93%
Magic:  11/11      EV: 16    Int:  3    God:    Trog [*****.]
Gold:   770        SH:  0    Dex: 10    Spells: 11/11 levels left

rFire    . . .     SeeInvis .   q - +1 morningstar
rCold    . . .     Faith    .   (no shield)
rNeg     . . .     Spirit   .   y - +3 steam dragon scales
rPois    .         Reflect  .   (helmet restricted)
rElec    .         Harm     .   D - +2 cloak
rCorr    .         Rampage  .   (gloves unavailable)
Will     .....                  (boots unavailable)
Stlth    ..........             O - amulet of the acrobat
HPRegen  1.41/turn              d - +4 ring of evasion
MPRegen  0.12/turn              h - +6 ring of strength

@: berserking, studying 2 skills, very quick
A: large, unfitting armour, claws 3, regeneration 1, shaggy fur 1, tough skin 1
a: Renounce Religion, Berserk, Trog's Hand, Brothers in Arms


You were on level 4 of the Lair of Beasts.
You worshipped Trog.
Trog was extremely pleased with you.
You visited 2 branches of the dungeon, and saw 15 of its levels.

You collected 770 gold pieces.

Inventory:

Hand Weapons
 a - a +0 mace
 j - a +4 quarterstaff of chaos
 l - a +0 giant spiked club
 q - a +1 morningstar (weapon)
Missiles
 g - 622 stones (quivered)
 p - 7 atropa-tipped darts
 w - 3 throwing nets
 K - 2 curare-tipped darts
Armour
 x - a +2 robe of willpower
 y - +3 steam dragon scales (worn)
 B - a +0 troll leather armour
 D - a +2 cloak (worn)
Jewellery
 d - a +4 ring of evasion (left claw)
 h - a +6 ring of strength (right claw)
 E - a ring of resist corrosion
 H - a +6 ring of dexterity
 J - an amulet of faith
 M - a ring of positive energy
 O - an amulet of the acrobat (around neck)
Wands
 m - a wand of paralysis (21)
 s - a wand of acid (25)
 t - a wand of iceblast (5)
 u - a wand of flame (48)
 G - a wand of charming (20)
 I - a wand of polymorph (9)
 N - a wand of digging (7)
Scrolls
 k - a scroll of enchant weapon
 n - a scroll of identify
 A - 5 scrolls of teleportation
 L - 2 scrolls of blinking
 P - a scroll of enchant armour
Potions
 b - a potion of resistance
 c - 4 potions of attraction
 e - 4 potions of might
 f - a potion of cancellation {unknown}
 i - 4 potions of heal wounds
 o - 2 potions of flight {unknown}
 r - 2 potions of haste {unknown}
 v - 6 potions of curing
 z - 2 potions of lignification
 C - 9 potions of ambrosia
 F - a potion of mutation {unknown}


   Skills:
 + Level 10.0 Fighting
 * Level 13.3 Maces & Flails
 + Level 7.9 Armour
 + Level 7.9 Dodging


You had 11 spell levels left.
You didn't know any spells.
Your spell library was empty.

Dungeon Overview and Level Annotations

Branches:
Dungeon (11/15)            Temple (0/1) D:4            Lair (4/6) D:8
 Shoals (0/4) Lair:2       Spider (0/4) Lair:3
    Orc: D:9-12

Altars:
Cheibriados
Elyvilon
Kikubaaqudgha
Makhleb
Nemelex Xobeh
Okawaru
Uskayaw
Xom
Yredelemnul

Shops:
D:4 !

Portals:
Abyss: D:7

Annotations:
D:7 2 transporters, hatdisgam's ghost, amateur FoFi
D:10 3 runed translucent doors, kazelolz's ghost, journeyman MiBe
Lair:4 2 transporters


Innate Abilities, Weirdness & Mutations

You are too large for most types of armour.
You have claws for hands.
Your natural rate of healing is unusually fast.
You are covered in fur. (AC +1)
You have tough skin. (AC +1)


Message History

* * * LOW HITPOINT WARNING * * *
The meliai stings you.
* * * LOW HITPOINT WARNING * * *
The komodo dragon bites you!
* * * LOW HITPOINT WARNING * * *
Okay, then.
You are too berserk!
You miss the meliai.
The meliai is moderately wounded.
The meliai hits you with a +0 war axe.
* * * LOW HITPOINT WARNING * * *
The meliai closely misses you.
You miss the meliai.
The meliai is moderately wounded.
The meliai hits you with a +0 war axe.
* * * LOW HITPOINT WARNING * * *
The meliai stings you but does no damage.
The komodo dragon bites you but does no damage.
You closely miss the meliai.
The meliai is moderately wounded.
The meliai misses you. x2
You thump the meliai!
The meliai is almost dead.
The meliai hits you but does no damage. The meliai stings you.
* * * LOW HITPOINT WARNING * * *
The komodo dragon closely misses you.
You barely miss the meliai.
The meliai is almost dead.
The meliai closely misses you. The meliai misses you.
You puncture the meliai!
You kill the meliai!
Trog accepts your kill. The komodo dragon bites you.
* * * LOW HITPOINT WARNING * * *
You sock the komodo dragon!
The komodo dragon is moderately wounded.
You hit the komodo dragon.
The komodo dragon is moderately wounded.
The komodo dragon bites you!!
You die...

#.................
#.................
#...###...#P##....
#....#########...#
##...### #....
#....).# #...#
#....### #...#
#....##### ####...#
##@l.##..###P##y...
##.)...........y...
#..........l.......
##..........y......
#........<....####
#.............# #
#...........PP###
#............PP)##
#............P.รท##


You could see a komodo dragon.

Vanquished Creatures
  Josephine (Lair:4)
  2 hydras (Lair:3)
  A two-headed ogre (D:11)
  An orb spider (Lair:3)
  An ugly thing (D:11)
  11 elephants
  2 black mambas
  Maurice (D:8)
  4 molten gargoyles (D:10)
  7 cane toads
  A gargoyle (D:7)
  A rime drake (Lair:1)
  2 kobold demonologists (D:10)
  Psyche (D:9)
  A komodo dragon (D:11)
  A polar bear (Lair:3)
  3 meliai
  A hornet (D:7)
  2 trolls (D:7)
  Prince Ribbit (D:5)
  5 humans (D:9)
  2 wyverns
  A basilisk (Lair:3)
  10 yaks
  A steam dragon (D:7)
  5 wraiths (Lair:4)
  9 water moccasins
  Duvessa (D:6)
  3 sky beasts
  An ice beast (D:7)
  A black bear (D:8)
  2 orc warriors
  2 necrophages (D:8)
  2 ogres
  5 centaurs
  3 wolves (Lair:4)
  2 phantoms
  3 kobold brigands
  Blork the orc (D:6)
  12 bullfrogs
  2 scorpions
  A water moccasin zombie (D:5)
  2 wyvern zombies
  Dowan (D:6)
  A water moccasin skeleton (D:7)
  6 killer bees
  An electric eel (D:7)
  3 lava snakes
  2 jellies
  5 centaur zombies
  2 centaur skeletons
  2 gnoll shamans
  5 orc priests
  Crazy Yiuf (D:2)
  2 bullfrog skeletons
  4 hounds
  An iguana (D:7)
  Terence (D:2)
  9 orc wizards
  Natasha (thrice) (D:2)
  A hound skeleton (D:4)
  Robin (D:4)
  9 gnolls
  A howler monkey skeleton (D:7)
  5 adders
  A shadow imp (D:7)
  2 ufetubi (D:5)
  An adder skeleton (D:4)
  2 worms
  3 dart slugs
  38 orcs
  9 endoplasms
  3 giant cockroaches
  23 goblins
  10 hobgoblins
  10 jackals
  31 kobolds
  3 quokkas
  5 ball pythons
  3 bats (D:2)
  2 frilled lizards
  3 rats
336 creatures vanquished.

Vanquished Creatures (collateral kills)
  A cyclops (D:11)
  A gargoyle (D:5)
  Maggie (D:7)
  A steam dragon (D:7)
  An acid dragon (D:7)
  A sky beast (D:7)
  A scorpion (D:5)
  An iguana (D:5)
  2 orcs (D:7)
10 creatures vanquished.

Vanquished Creatures (others)
  An orc (D:5)
  A kobold (D:10)
  15 fungi
  39 plants
56 creatures vanquished.

Grand Total: 402 creatures vanquished

Notes
Turn   | Place    | Note
-------+----------+-------------------------------------------
     0 | D:1      | Spaninq the Troll Berserker began the quest for the Orb.
     0 | D:1      | Reached XP level 1. HP: 22/22 MP: 0/0
    71 | D:1      | Reached XP level 2. HP: 29/29 MP: 1/1
    92 | D:1      | Reached skill level 3 in Maces & Flails
   280 | D:1      | Reached XP level 3. HP: 34/36 MP: 2/2
   351 | D:1      | Reached ** piety under Trog
   430 | D:1      | Found a faded altar of an unknown god.
  1091 | D:2      | Found a runed translucent door.
  1092 | D:2      | Noticed Crazy Yiuf
  1100 | D:2      | Killed Crazy Yiuf
  1101 | D:2      | Reached XP level 4. HP: 45/45 MP: 3/3
  1143 | D:2      | Noticed an ogre
  1157 | D:2      | Killed an ogre
  1158 | D:2      | Reached skill level 4 in Maces & Flails
  1158 | D:2      | Reached XP level 5. HP: 53/53 MP: 4/4
  1281 | D:2      | Noticed Natasha
  1287 | D:2      | Killed Natasha
  1309 | D:2      | Noticed Terence
  1315 | D:2      | Killed Terence
  1346 | D:2      | Noticed Natasha
  1357 | D:2      | Killed Natasha
  1358 | D:2      | Reached XP level 6. HP: 61/61 MP: 5/5
  1646 | D:2      | Noticed Natasha
  1652 | D:2      | Killed Natasha
  1833 | D:3      | Found a shimmering altar of Xom.
  2067 | D:3      | Reached skill level 5 in Maces & Flails
  2605 | D:4      | Reached *** piety under Trog
  2773 | D:4      | Reached XP level 7. HP: 55/70 MP: 6/6
  2773 | D:4      | Found Iduneos's Distillery.
  2964 | D:4      | Noticed Robin
  2993 | D:4      | Killed Robin
  3218 | D:4      | Found a staircase to the Ecumenical Temple.
  3495 | D:4      | Reached **** piety under Trog
  3611 | D:5      | Entered Level 5 of the Dungeon
  3653 | D:5      | Reached skill level 6 in Maces & Flails
  3754 | D:5      | Reached XP level 8. HP: 79/79 MP: 7/7
  3791 | D:5      | Found a burning altar of Makhleb.
  3798 | D:5      | Found a sparkling altar of Nemelex Xobeh.
  4063 | D:5      | Noticed a gargoyle
  4069 | D:5      | Killed a gargoyle
  4070 | D:5      | Reached skill level 5 in Fighting
  4070 | D:5      | Reached skill level 7 in Maces & Flails
  4070 | D:5      | Reached skill level 5 in Dodging
  4179 | D:5      | Noticed Prince Ribbit
  4184 | D:5      | Killed Prince Ribbit
  4227 | D:5      | Found a white marble altar of Elyvilon.
  4228 | D:5      | Found an iron altar of Okawaru.
  4229 | D:5      | Found an ancient bone altar of Kikubaaqudgha.
  4236 | D:5      | Found a snail-covered altar of Cheibriados.
  4389 | D:6      | Reached skill level 8 in Maces & Flails
  4449 | D:6      | Reached XP level 9. HP: 88/88 MP: 8/8
  4469 | D:6      | Noticed Blork the orc
  4475 | D:6      | Killed Blork the orc
  4550 | D:6      | Noticed Duvessa
  4550 | D:6      | Noticed Dowan
  4558 | D:6      | Killed Duvessa
  4563 | D:6      | Killed Dowan
  5439 | D:7      | Reached ***** piety under Trog
  5453 | D:7      | Reached skill level 9 in Maces & Flails
  5466 | D:7      | Noticed Maggie
  5473 | D:7      | Killed Maggie
  5552 | D:7      | Found a transporter.
  5577 | D:7      | Noticed a troll
  5583 | D:7      | Killed a troll
  5584 | D:7      | Reached skill level 1 in Armour
  5772 | D:7      | Noticed an ice devil
  5775 | D:7      | Found a one-way gate to the infinite horrors of the Abyss.
  5786 | D:7      | Found a transporter.
  5859 | D:7      | Paralysed by a hornet for 2 turns
  5868 | D:7      | Reached XP level 10. HP: 99/100 MP: 9/9
  5871 | D:7      | Noticed a +0 dagger
  5871 | D:7      | Noticed a +0 dagger
  5902 | D:7      | Found a hide-covered altar of Uskayaw.
  5969 | D:7      | Reached skill level 10 in Maces & Flails
  6224 | D:7      | Noticed hatdisgam's ghost (amateur FoFi)
  6348 | D:7      | Noticed a gargoyle
  6358 | D:7      | Killed a gargoyle
  6527 | D:8      | Found a staircase to the Lair.
  6605 | D:8      | Noticed Maurice
  6619 | D:8      | Killed Maurice
  6737 | D:8      | Received a gift from Trog
  7443 | D:9      | Noticed Psyche
  7455 | D:9      | Killed Psyche
  7611 | D:9      | Reached skill level 5 in Armour
  7611 | D:9      | Reached XP level 11. HP: 70/109 MP: 10/10
  7698 | D:10     | Entered Level 10 of the Dungeon
  7782 | D:10     | Reached skill level 11 in Maces & Flails
  8305 | D:10     | Found a runed translucent gate.
  8305 | D:10     | Found a runed translucent gate.
  8305 | D:10     | Found a runed translucent gate.
  8305 | D:10     | Noticed kazelolz's ghost (journeyman MiBe)
  8307 | D:10     | Found a basalt altar of Yredelemnul.
  8893 | D:11     | Noticed a two-headed ogre
  8902 | D:11     | Killed a two-headed ogre
  8938 | D:11     | Noticed a purple ugly thing
  8967 | D:11     | Killed a purple ugly thing
  9279 | Lair:1   | Entered Level 1 of the Lair of Beasts
  9426 | Lair:1   | Reached skill level 12 in Maces & Flails
 10016 | Lair:2   | Identified a scroll of acquirement
 10016 | Lair:2   | Acquired a manual of Fighting
 10146 | Lair:2   | Found a staircase to the Shoals.
 10459 | Lair:2   | Reached XP level 12. HP: 103/122 MP: 11/11
 10973 | Lair:3   | Noticed a five-headed hydra
 10996 | Lair:3   | Killed a five-headed hydra
 11244 | Lair:3   | Noticed a five-headed hydra
 11256 | Lair:3   | Killed a five-headed hydra
 11344 | Lair:3   | Found a hole to the Spider Nest.
 11897 | Lair:4   | Found a transporter.
 12077 | Lair:4   | Noticed Josephine
 12088 | Lair:4   | Killed Josephine
 12089 | Lair:4   | Reached skill level 13 in Maces & Flails
 12186 | Lair:4   | Found a transporter.
 12214 | Lair:4   | Noticed a five-headed hydra
 12298 | Lair:4   | Received a gift from Trog
 12433 | Lair:4   | Reached skill level 10 in Fighting
 12970 | Lair:4   | Slain by a komodo dragon

Illustrated notes

Levels and vault maps discovered:
D:1:      matt_arrival_diagonals, layout_loops_ring,
          shapermc_ecumenical_altar_mp_vishouse, serial_bayou_crossing
D:2:      layout_loops_cross, uniq_crazy_yiuf_cottage, uniq_terence,
          uniq_natasha
D:3:      layout_loops_cross, tgw_xom
D:4:      kennysheep_goblin_castle, layout_basic, temple_hall, serial_shops,
          shop, minmay_misc_feat_cross
D:5:      layout_cave_pools, mainiacjoe_overflow_alcove_3,
          mainiacjoe_overflow_catwalk_spiral, dk_noncrumbling_2,
          uniq_prince_ribbit1
D:6:      kennysheep_kobold_camp, layout_loops_ring, uniq_blork_the_orc,
          uniq_duvessa
D:7:      nzn_winding_woodlands_three_and_one
          [nzn_winding_woodlands_5x15_river_crossing,
          nzn_winding_woodlands_5x15_cabin, nzn_winding_woodlands_5x15_eye,
          nzn_winding_woodlands_center_garden], layout_basic,
          dancing_weapons_uskayaw, gammafunk_ghost_abyssal_escape, uniq_maggie
D:8:      cheibrodos_iron_armory, layout_cave_pools, lair_entry_dummy,
          uniq_maurice
D:9:      layout_roguey, minmay_ruffians, uniq_psyche
D:10:     layout_cave_pods, nicolae_yredelemnul_ghost_church, minivault_8
D:11:     layout_big_octagon
Lair:1:   layout_hall_layers
Lair:2:   layout_concentric_octagons, shoals_dummy_entry
Lair:3:   layout_loops_ring, nicolae_spider_entry_orb_guardian,
          grunt_forest_small_clearings
Lair:4:   gammafunk_cloud_chamber, layout_long_grid, special_room
          [special_room_bee], lemuel_fruit_tree, uniq_josephine

Skill      XL: |  1  2  3  4  5  6  7  8  9 10 11 12 |
---------------+-------------------------------------+-----
Maces & Flails | 3 4 5 6 8 9 10 12 13 | 13.3
Fighting       | 3 4 5 6 7 8 10 | 10.0
Dodging        | 3 4 5 6 7 |  7.9
Armour         | 1 5 6 7 |  7.9

Action                   |  1- 3 |  4- 6 |  7- 9 | 10-12 || total
-------------------------+-------+-------+-------+-------++-------
Melee: Mace              |   117 |       |       |       ||   117
       Quarterstaff      |       |   132 |   262 |    86 ||   480
       Morningstar       |       |       |       |   619 ||   619
Throw: Stone             |       |       |       |     1 ||     1
Invok: Berserk           |     2 |     2 |     8 |    16 ||    28
       Brothers in Arms  |       |       |     2 |     1 ||     3
  Use: Scroll            |       |     4 |     8 |    12 ||    24
 Stab: Sleeping          |     1 |       |       |       ||     1
       Paralysed         |       |       |     1 |       ||     1
       Petrifying        |       |       |     1 |       ||     1
Armor: Animal skin       |    30 |    31 |    44 |       ||   105
       Robe              |       |    12 |    64 |       ||    76
       Steam dragon scal |       |       |     5 |   261 ||   266
Dodge: Dodged            |    89 |    87 |   256 |   607 ||  1039

Table legend: (Time is in decaauts)
 A = Elapsed time spent in this place.
 B = Non-inter-level travel time spent in this place.
 C = Inter-level travel time spent in this place.
 D = Time resting spent in this place.
 E = Time spent auto-exploring this place.
 F = Levels seen in this place.
 G = Mean time per level.
                   A        B        C        D        E       F      G
               +--------+--------+--------+--------+--------+-----+--------+
         Total |  13269 |  12589 |    680 |    626 |   8382 |  15 |  884.6 |
       Dungeon |   9547 |   9003 |    544 |    348 |   6003 |  11 |  867.9 |
          Lair |   3721 |   3586 |    135 |    278 |   2379 |   4 |  930.2 |
               +--------+--------+--------+--------+--------+-----+--------+

Top non-repeatable levels by time:
     D:4: 1309 daAuts
     D:7: 1223 daAuts
    D:10: 1196 daAuts
  Lair:4: 1086 daAuts
  Lair:3: 1009 daAuts
     D:6: 943 daAuts
  Lair:2: 898 daAuts
     D:1: 886 daAuts
     D:2: 858 daAuts
     D:9: 769 daAuts
     D:3: 752 daAuts
  Lair:1: 727 daAuts
     D:5: 684 daAuts
     D:8: 535 daAuts
    D:11: 388 daAuts
